 Dungeon Crawl Stone Soup version 0.29-a0-551-gffc1d7fb78 (console) character file.

Game seed: 4716643183954730671

113383 xyrae the Bringer of Law (level 17, -14/132 (136) HPs)
             Began as a Formicid Earth Elementalist on June 5, 2022.
             Was the Champion of Zin.
             Demolished by a wolf spider simulacrum (23 damage)
             ... on level 3 of the Lair of Beasts.
             The game lasted 01:21:25 (34979 turns).

xyrae the Bringer of Law (FoEE)                    Turns: 34979, Time: 01:21:26

HP:   -14/132 (136) AC: 22    Str: 25    XL:     17   Next: 18%
MP:   0/29          EV: 10    Int: 33    God:    Zin [******]
Gold: 2107          SH: 15    Dex: 11    Spells: 22/28 levels left

rFire   + . .      SeeInvis +   B - +5 lajatang (elec)
rCold   . . .      Faith    .   u - +2 kite shield
rNeg    . . .      Spirit   +   Q - +6 ring mail of Vexation {Str+6 Dex-2}
rPois   ∞          Reflect  .   (helmet unavailable)
rElec   .          Harm     .   G - +2 cloak {rCorr}
rCorr   +          Rampage  .   D - +0 pair of gloves
Will    +....                   T - +2 pair of boots of Cush {rPois rF+ Dex-3}
Stlth   +.........              q - amulet of guardian spirit
HPRegen 0.32/turn               g - +6 ring of intelligence
MPRegen 0.21/turn               N - ring of flight

@: vitalised, flying, lightly drained
A: permanent stasis, dig shafts and tunnels, antennae 3, four strong arms
a: Dig, Shaft Self, Renounce Religion, Recite, Vitalisation, Imprison,
Sanctuary, Donate Gold


You were on level 3 of the Lair of Beasts.
You worshipped Zin.
Zin was exalted by your worship.
You visited 5 branches of the dungeon, and saw 25 of its levels.
You also visited: Sewer, Bailey, Gauntlet and Volcano.

You collected 2746 gold pieces.
You spent 410 gold pieces at shops.
You donated 229 gold pieces to Zin.

Inventory:

Hand Weapons
 B - a +5 lajatang of electrocution (weapon)
Missiles
 a - 393 stones
 w - 68 poisoned darts (quivered)
 y - 2 curare-tipped darts
Armour
 u - a +2 kite shield (worn)
 D - a +0 pair of gloves (worn)
 G - a +2 cloak of preservation (worn)
 Q - the +6 ring mail of Vexation (worn) {Str+6 Dex-2}
   (You found it on level 11 of the Dungeon)

   Str:       It affects your strength (+6).
   Dex:       It affects your dexterity (-2).
 T - the +2 pair of boots of Cush (worn) {rPois rF+ Dex-3}
   (You found it in a Gauntlet)

   Dex:       It affects your dexterity (-3).
   rF:        It protects you from fire.
   rPois:     It protects you from poison.
Magical Staves
 E - a staff of earth
Jewellery
 g - a +6 ring of intelligence (left hand)
 q - an amulet of guardian spirit (around neck)
 r - a +6 ring of intelligence
 s - a ring of protection from cold
 x - a ring of fire
 J - an amulet of regeneration
 K - an amulet of reflection
 N - a ring of flight (right hand)
 U - a ring of wizardry
Wands
 f - a wand of flame (23)
 j - a wand of acid (3)
 p - a wand of paralysis (8)
 t - a wand of iceblast (11)
 C - a wand of digging (9)
 M - a wand of charming (6)
Scrolls
 b - 6 scrolls of vulnerability
 d - 4 scrolls of magic mapping
 l - 5 scrolls of poison
 v - 3 scrolls of fear
 z - 8 scrolls of enchant armour
 A - 5 scrolls of fog
 I - 4 scrolls of immolation
 P - 6 scrolls of identify
 R - 2 scrolls of brand weapon
Potions
 c - 5 potions of magic
 e - 8 potions of flight
 h - 6 potions of ambrosia
 i - 3 potions of resistance
 k - 3 potions of cancellation
 m - 12 potions of curing
 n - 8 potions of heal wounds
 o - 5 potions of might
 F - 7 potions of attraction
 O - 5 potions of brilliance
 V - a potion of mutation


   Skills:
 + Level 13.0 Fighting
 * Level 13.5 Staves
 - Level 6.0 Throwing
 - Level 11.0 Armour
 - Level 1.7 Dodging
 - Level 2.4 Stealth
 - Level 15.0 Shields
 - Level 6.0 Spellcasting
 - Level 3.0 Conjurations
 - Level 1.1 Transmutations
 - Level 8.0 Earth Magic
 + Level 16.2 Invocations
 - Level 6.0 Evocations


You had 22 spell levels left.
You knew the following spells:

 Your Spells              Type           Power      Damage    Failure   Level
a - Sandblast             Erth           100%       2d20      1%          1
b - Stone Arrow           Conj/Erth      92%        3d12      2%          3
B - Passwall              Tmut/Erth      32%        N/A       2%          2

Your spell library contained the following spells:

 Spells                   Type           Power      Damage    Failure   Level
 Apportation              Tloc           18%        N/A       9%          1
 Necrotize                Necr           36%        1d5       9%          1
 Summon Small Mammal      Summ           36%        N/A       9%          1
 Ensorcelled Hibernation  Hex/Ice        18%        N/A       14%         2
 Petrify                  Tmut/Erth      39%        N/A       14%         4
 Confusing Touch          Hex            9%         N/A       26%         3
 Gell's Gravitas          Tloc           9%         N/A       26%         3
 Lesser Beckoning         Tloc           9%         N/A       26%         3
 Ozocubu's Armour         Ice            9%         N/A       26%         3
 Teleport Other           Tloc           9%         N/A       26%         3
 Tukima's Dance           Hex            9%         N/A       26%         3
 Passage of Golubria      Tloc           9%         N/A       65%         4
 Summon Ice Beast         Ice/Summ       9%         N/A       65%         4
 Alistair's Intoxication  Tmut/Pois      8%         N/A       90%         5
 Yara's Violent Unravell  Hex/Tmut       6%         3d5       90%         5
 Metabolic Englaciation   Hex/Ice        4%         N/A       94%         5
 Summon Mana Viper        Hex/Summ       9%         N/A       94%         5
 Dispersal                Tloc           4%         N/A       100%        6
 Simulacrum               Ice/Necr       4%         N/A       100%        6
 Enfeeble                 Hex            4%         N/A       100%        7
 Monstrous Menagerie      Summ           4%         N/A       100%        7
 Disjunction              Tloc           4%         N/A       100%        8
 Swiftness                Air            Unusable   N/A       N/A         3

Dungeon Overview and Level Annotations

Branches:
Dungeon (15/15)            Temple (1/1) D:7            Lair (6/6) D:11
  Swamp (0/4) Lair:2       Spider (1/4) Lair:3        Slime (0/5) Lair:6
    Orc (2/2) D:11            Elf (0/3) Orc:2        Vaults (0/5) D:14
 Depths (0/4) D:15          Sewer (visited)          Bailey (visited)
Volcano (visited)         Gauntlet (visited)

Altars:
Ashenzari
Cheibriados
Dithmenos
Elyvilon
Fedhas
Gozag
Hepliaklqana
Kikubaaqudgha
Makhleb
Nemelex Xobeh
Okawaru
Qazlal
Ru
Sif Muna
Trog
Uskayaw
Vehumet
Wu Jian
Xom
Yredelemnul
Zin
The Shining One
Jiyva

Shops:
D:11 (   Orc:1 :   Orc:2 =??[

Portals:
Trove: D:12 (give +6 demon trident)

Annotations:
D:15 3 runed translucent doors, royokou's ghost, journeyman MeEE
Lair:1 1 exclusion


Innate Abilities, Weirdness & Mutations

You cannot be hasted, slowed, berserked, paralysed or teleported.
You can dig through walls and to a lower floor.
You have a pair of large antennae on your head. (SInv)
Your four strong arms can wield two-handed weapons with a shield.


Message History

Press: ? - help, Shift-Dir - straight line, f/p - wolf spider
Aim: a wolf spider (almost dead, soul bound, 76% to hit)
The stone arrow hits the wolf spider!!
You kill the wolf spider!
A freezing mist starts to gather...
A wolf spider simulacrum comes into view.
You are no longer corroded.
The wolf spider closely misses you. You block the wolf spider's attack.
Casting: Stone Arrow (mildly dangerous; 2% risk of failure)
Confirm with . or Enter, or press ? or * to list all spells.
Aiming: Stone Arrow (mildly dangerous; 2% risk of failure)
Press: ? - help, Shift-Dir - straight line, f - wolf spider
Aim: a wolf spider (heavily wounded, soul bound, 76% to hit)
The stone arrow hits the wolf spider!!
The wolf spider is almost dead.
The wolf spider hits you.
* * * LOW HITPOINT WARNING * * *
The wolf spider barely misses you. The wolf spider completely misses you.
You block the wolf spider's attack.
Casting: Stone Arrow (mildly dangerous; 2% risk of failure)
Confirm with . or Enter, or press ? or * to list all spells.
Aiming: Stone Arrow (mildly dangerous; 2% risk of failure)
Press: ? - help, Shift-Dir - straight line, f/p - wolf spider
Aim: a wolf spider (almost dead, soul bound, 76% to hit)
The stone arrow misses the wolf spider.
You block the wolf spider's attack. x2
The wolf spider simulacrum hits you.
* * * LOW HITPOINT WARNING * * *
The wolf spider simulacrum freezes you!!
* * * LOW HITPOINT WARNING * * *
The wolf spider simulacrum bites you.
* * * LOW HITPOINT WARNING * * *
The wolf spider simulacrum freezes you!!
* * * LOW HITPOINT WARNING * * *
Okay, then.
Unknown command.
You feel much better. The wolf spider barely misses you.
The wolf spider closely misses you. The wolf spider simulacrum hits you!
* * * LOW HITPOINT WARNING * * *
The wolf spider simulacrum freezes you!!
You die...

##### ### ###### #.#P####≈###
.#.#.## ####.≈≈≈.≈≈≈.# ......#
#...≈.≈≈.≈≈.≈# ####### ......#
#...≈≈.≈.≈.≈≈######.P#..#
......###...≈≈≈...≈≈≈≈...........
.......##.......@....##.....>....
......##....≈≈≈sZ.≈≈≈≈#..........
......##....≈≈.≈.≈.≈≈##..........
.......#....≈.≈≈.≈≈.≈............
.....?..+....≈≈≈.≈≈≈.............
......+.#........................
####...#..........###.+..........
#..##..#........".# #.#..........
#...#.#.##..##.#'.# ##...........


You could see a wolf spider (soul bound) and a wolf spider simulacrum.

Vanquished Creatures
  Rupert (Orc:2)
  Jorgrun (D:14)
  Gastronok (D:9)
  A minotaur (Gauntlet)
  A dire elephant (D:15)
  3 ettins (Orc:2)
  A fire dragon (Lair:6)
  Josephine (Lair:6)
  6 hydras
  3 catoblepae
  5 ogre magi
  2 boulder beetles (D:14)
  A death knight (D:15)
  2 centaur warriors
  22 two-headed ogres
  A death yak (Lair:2)
  A tengu warrior (D:12)
  Urug (Lair:1)
  An orc high priest (Bailey)
  Nergalle (Lair:4)
  A wretched star (Gauntlet)
  A pharaoh ant (Lair:3)
  Lodul (D:12)
  2 deep trolls (Orc:2)
  8 skeletal warriors
  A swamp dragon (Lair:6)
  A wizard (Gauntlet)
  A deep elf pyromancer (D:14)
  3 lindwurms
  5 orc knights
  3 wolf spiders
  8 cyclopes
  An ugly thing (D:12)
  A salamander (D:15)
  10 black mambas
  A guardian serpent (Lair:6)
  23 cane toads
  4 molten gargoyles (Volcano)
  An elephant (Lair:2)
  A gargoyle (D:12)
  Maggie (D:8)
  3 rime drakes
  An unseen horror (D:10)
  3 efreet (Volcano)
  A kobold demonologist (Bailey)
  2 freezing wraiths (D:15)
  9 komodo dragons
  A guardian mummy (D:12)
  13 trolls
  2 hornets (Lair:6)
  A polar bear (Lair:6)
  A queen bee (Lair:1)
  Grinder (D:6)
  20 blink frogs
  12 dream sheep
  A jumping spider (Lair:3)
  2 slime creatures (D:15)
  8 flying skulls (Gauntlet)
  2 vampires
  A shadow (D:11)
  10 yaks
  A culicivora (shapeshifter) (D:13)
  9 wraiths
  8 wyverns
  4 fire elementals (Volcano)
  10 basilisks
  5 vampire mosquitoes
  3 steam dragons
  4 redbacks
  A neqoxec (Gauntlet)
  5 wargs
  27 water moccasins
  7 acid dragons
  Duvessa (D:5)
  An ice beast (D:6)
  2 swamp drakes (Lair:6)
  23 orc warriors
  2 sky beasts (D:6)
  3 black bears
  31 ogres
  17 wolves
  10 centaurs
  3 phantoms (D:5)
  11 kobold brigands
  3 scorpions
  9 bullfrogs
  6 necrophages
  2 earth elementals (Volcano)
  2 small abominations (Gauntlet)
  13 wights
  Dowan (D:5)
  35 killer bees
  4 electric eels (Bailey)
  3 howler monkeys (D:8)
  3 jellies
  A centaur zombie (D:8)
  3 hounds
  9 orc priests
  Crazy Yiuf (D:5)
  8 iguanas
  13 orc wizards
  A statue (D:7)
  A mummy (D:8)
  A howler monkey zombie (D:8)
  2 gnolls (Bailey)
  11 adders
  4 river rats
  2 shadow imps
  2 white imps
  An ufetubus (D:5)
  6 worms
  5 dart slugs
  46 orcs
  7 ball pythons
  15 endoplasms
  3 giant cockroaches
  11 goblins
  18 hobgoblins
  4 jackals (D:2)
  24 kobolds
  2 quokkas
  2 bats
  A frilled lizard (D:2)
  11 rats
  A spectral orc (D:8)
  2 fire vortices (Volcano)
715 creatures vanquished.

Vanquished Creatures (others)
  A fire elemental (Volcano)
  A basilisk (Lair:6)
  An orc wizard (Orc:2)
  A quokka (D:14)
  36 fungi
  5 pillars of salt
  76 plants
  2 withered plants (D:8)
123 creatures vanquished.

Grand Total: 838 creatures vanquished

Notes
Turn   | Place    | Note
-------+----------+-------------------------------------------
     0 | D:1      | xyrae the Formicid Earth Elementalist began the quest for
                  | the Orb.
     0 | D:1      | Reached XP level 1. HP: 13/13 MP: 3/3
   477 | D:1      | Reached XP level 2. HP: 19/19 MP: 1/5
   721 | D:1      | Found a faded altar of an unknown god.
   946 | D:1      | Reached XP level 3. HP: 24/24 MP: 7/7
  1275 | D:2      | Learned a level 3 spell: Stone Arrow
  1278 | D:2      | Learned a level 2 spell: Passwall
  2109 | D:2      | Found a sparkling altar of Nemelex Xobeh.
  2129 | D:2      | Reached XP level 4. HP: 30/30 MP: 6/8
  3127 | D:4      | Found a broken altar of Ashenzari.
  3141 | D:4      | Reached skill level 1 in Conjurations
  3141 | D:4      | Reached skill level 5 in Earth Magic
  3141 | D:4      | Reached XP level 5. HP: 35/35 MP: 6/10
  3192 | D:4      | Found a burning altar of Makhleb.
  3232 | D:4      | Reached XP level 6. HP: 41/41 MP: 3/12
  3400 | D:4      | Found a glowing drain.
  3409 | Sewer    | Entered a sewer
  3690 | Sewer    | Reached XP level 7. HP: 22/46 MP: 6/13
  4041 | Sewer    | Reached skill level 5 in Spellcasting
  4461 | Sewer    | Reached XP level 8. HP: 24/52 MP: 3/16
  5337 | D:5      | Entered Level 5 of the Dungeon
  5352 | D:5      | Identified the +3 leather armour of Esket {Will- Str+3
                  | Int+2 SInv Stlth+}
  5367 | D:5      | Reached skill level 1 in Fighting
  5819 | D:5      | Noticed Dowan
  5847 | D:5      | Killed Dowan
  5848 | D:5      | Reached skill level 1 in Throwing
  5848 | D:5      | Reached skill level 1 in Evocations
  5957 | D:5      | Found a runed translucent door.
  5958 | D:5      | Noticed Crazy Yiuf
  5964 | D:5      | Killed Crazy Yiuf
  6164 | D:5      | Noticed Duvessa
  6171 | D:5      | Killed Duvessa
  6205 | D:5      | Reached XP level 9. HP: 64/64 MP: 5/18
  6379 | D:5      | Found a shimmering blue altar of Sif Muna.
  6379 | D:5      | Found a snail-covered altar of Cheibriados.
  7122 | D:6      | Reached skill level 5 in Fighting
  7189 | D:6      | Noticed a troll
  7198 | D:6      | Killed a troll
  7199 | D:6      | Reached skill level 5 in Evocations
  7309 | D:6      | Noticed Grinder
  7314 | D:6      | Killed Grinder
  7811 | D:6      | Reached XP level 10. HP: 76/76 MP: 12/19
  7951 | D:7      | Found a radiant altar of Vehumet.
  8043 | D:7      | Found a staircase to the Ecumenical Temple.
  8052 | Temple   | Entered the Ecumenical Temple
  8122 | Temple   | Became a worshipper of Zin the Law-Giver
  8122 | Temple   | Reached * piety under Zin
  8293 | D:7      | Reached skill level 5 in Shields
  8294 | D:7      | Reached skill level 1 in Invocations
  8352 | D:7      | Reached ** piety under Zin
  8471 | D:7      | Reached skill level 2 in Invocations
  8636 | D:8      | Found a basalt altar of Yredelemnul.
  8693 | D:8      | Noticed Maggie
  8707 | D:8      | Killed Maggie
  8832 | D:8      | Found a flagged portal.
  8913 | D:8      | Reached skill level 3 in Invocations
  8950 | D:8      | Noticed a two-headed ogre
  8968 | Bailey   | Entered a bailey
  9198 | Bailey   | Noticed an orc knight
  9220 | Bailey   | Killed an orc knight
  9221 | Bailey   | Reached skill level 4 in Invocations
  9334 | Bailey   | Noticed an orc knight
  9352 | Bailey   | Killed an orc knight
  9475 | Bailey   | Found an iron altar of Okawaru.
  9615 | Bailey   | Reached skill level 5 in Invocations
  9615 | Bailey   | Reached XP level 11. HP: 68/84 MP: 3/20
  9882 | Bailey   | Noticed an orc high priest
  9933 | Bailey   | Killed an orc high priest
  9934 | Bailey   | Reached skill level 10 in Shields
  9936 | Bailey   | Reached skill level 6 in Invocations
 10083 | Bailey   | Noticed an orc knight
 10104 | Bailey   | Killed an orc knight
 10496 | Bailey   | Identified the +0 leather armour "Kecviyle" {Harm rF++
                  | Regen+ Int-5}
 10497 | Bailey   | Acquired a +1 lajatang of venom
 10500 | Bailey   | Identified the +5 chain mail "Revorr" {rF+ Int+4 Stlth-}
 10536 | D:8      | Killed a two-headed ogre
 10545 | D:8      | Reached skill level 7 in Invocations
 10880 | D:8      | Reached *** piety under Zin
 10902 | D:8      | Reached skill level 1 in Staves
 11410 | D:9      | Reached skill level 9 in Invocations
 11410 | D:9      | Reached XP level 12. HP: 82/82 MP: 14/21
 11518 | D:9      | Noticed a centaur warrior
 11672 | D:9      | Noticed Gastronok
 11720 | D:9      | Reached **** piety under Zin
 12106 | D:9      | Killed Gastronok
 12107 | D:9      | Reached skill level 1 in Armour
 12265 | D:10     | Entered Level 10 of the Dungeon
 12511 | D:10     | Reached skill level 5 in Staves
 12514 | D:10     | Reached skill level 15 in Shields
 12625 | D:10     | Noticed a two-headed ogre
 12646 | D:10     | Killed a two-headed ogre
 12935 | D:10     | Reached XP level 13. HP: 96/96 MP: 14/22
 13258 | D:11     | Found Hala Mag's Antique Weapon Emporium.
 13261 | D:11     | Found a staircase to the Lair.
 13703 | D:11     | Identified the +6 ring mail of Vexation {Str+6 Dex-2}
 13807 | D:11     | Reached skill level 10 in Invocations
 13863 | D:11     | Noticed a four-headed hydra
 13874 | D:11     | Killed a four-headed hydra
 14044 | D:11     | Found a staircase to the Orcish Mines.
 14137 | D:11     | Found a blossoming altar of Fedhas.
 14803 | Lair:1   | Entered Level 1 of the Lair of Beasts
 15113 | Lair:1   | Reached skill level 5 in Throwing
 15332 | Lair:1   | Noticed Urug
 15352 | Lair:1   | Killed Urug
 15353 | Lair:1   | Reached skill level 5 in Armour
 15956 | Lair:1   | Reached skill level 11 in Invocations
 16958 | Lair:2   | Reached ***** piety under Zin
 17130 | Lair:2   | Noticed a four-headed hydra
 17140 | Lair:2   | Killed a four-headed hydra
 17315 | Lair:2   | Found a staircase to the Swamp.
 17900 | Lair:3   | Reached XP level 14. HP: 103/103 MP: 15/23
 18313 | Lair:3   | Found a hole to the Spider Nest.
 18632 | Lair:3   | Reached skill level 12 in Invocations
 19575 | Lair:4   | Noticed Nergalle
 19585 | Lair:4   | Killed Nergalle
 20605 | Lair:5   | Found a dark tunnel.
 20619 | Volcano  | Entered a volcano
 21634 | Volcano  | Reached skill level 13 in Invocations
 23208 | Lair:6   | Entered Level 6 of the Lair of Beasts
 23586 | Lair:6   | Reached XP level 15. HP: 106/114 MP: 19/24
 23855 | Lair:6   | Found a runed translucent door.
 23858 | Lair:6   | Found a viscous altar of Jiyva.
 23860 | Lair:6   | Found a staircase to the Slime Pits.
 23949 | Lair:6   | Noticed Josephine
 23970 | Lair:6   | Killed Josephine
 24504 | Lair:6   | Reached skill level 10 in Fighting
 24504 | Lair:6   | Reached skill level 10 in Staves
 25621 | Lair:6   | Reached skill level 10 in Armour
 26263 | Lair:6   | Reached skill level 14 in Invocations
 26769 | Orc:1    | Entered Level 1 of the Orcish Mines
 26769 | Orc:1    | Found Afenolaa's Book Emporium.
 27398 | Orc:1    | Reached ****** piety under Zin
 27644 | Orc:2    | Entered Level 2 of the Orcish Mines
 28565 | Orc:2    | Reached XP level 16. HP: 101/125 MP: 16/26
 28706 | Orc:2    | Found Xouc's Magic Scroll Shoppe.
 28707 | Orc:2    | Found Yjemp's Jewellery Shoppe.
 28712 | Orc:2    | Found Gice's Antique Armour Shop.
 28721 | Orc:2    | Found Tegaf's Magic Scroll Emporium.
 28926 | Orc:2    | Noticed Rupert
 28975 | Orc:2    | Killed Rupert
 29164 | Orc:2    | Found a staircase to the Elven Halls.
 29389 | Orc:2    | Bought a scroll of enchant weapon for 82 gold pieces
 29392 | Orc:2    | Bought a scroll of enchant armour for 82 gold pieces
 29392 | Orc:2    | Bought a scroll of enchant armour for 82 gold pieces
 29392 | Orc:2    | Bought a scroll of enchant armour for 82 gold pieces
 29409 | Orc:2    | Bought a scroll of enchant weapon for 82 gold pieces
 29729 | D:12     | Found a shadowy altar of Dithmenos.
 30007 | D:12     | Noticed Lodul
 30021 | D:12     | Killed Lodul
 30022 | D:12     | Reached skill level 15 in Invocations
 30281 | D:12     | Found a portal to a secret trove of treasure.
 32037 | D:14     | Found a white marble altar of Elyvilon.
 32080 | D:14     | Found a gate to the Vaults.
 32116 | D:14     | Found a gate leading to a gauntlet.
 32122 | Gauntlet | Entered a Gauntlet
 32122 | Gauntlet | Found a transporter.
 32122 | Gauntlet | Found a transporter.
 32195 | Gauntlet | Found a transporter.
 32208 | Gauntlet | Found a transporter.
 32227 | Gauntlet | Found a transporter.
 32227 | Gauntlet | Found a transporter.
 32229 | Gauntlet | Found a transporter.
 32229 | Gauntlet | Found a transporter.
 32230 | Gauntlet | Found a transporter.
 32242 | Gauntlet | Found a transporter.
 32259 | Gauntlet | Found a runed translucent door.
 32260 | Gauntlet | Found a transporter.
 32262 | Gauntlet | Found a runed translucent door.
 32270 | Gauntlet | Found a transporter.
 32286 | Gauntlet | Found a transporter.
 32306 | Gauntlet | Found a transporter.
 32401 | Gauntlet | Identified the +2 pair of boots of Cush {rPois rF+ Dex-3}
 32835 | D:14     | Noticed Jorgrun
 32851 | D:14     | Killed Jorgrun
 33560 | D:14     | Identified the +0 ring mail of Donaq {-Cast Rampage *Slow
                  | rC+++}
 33594 | D:15     | Entered Level 15 of the Dungeon
 33812 | D:15     | Found a runed translucent gate.
 33815 | D:15     | Found a runed translucent gate.
 33835 | D:15     | Reached skill level 16 in Invocations
 33848 | D:15     | Reached XP level 17. HP: 85/135 MP: 23/29
 34071 | D:15     | Found a staircase to the Depths.
 34479 | D:15     | Noticed royokou's ghost (journeyman MeEE)
 34480 | D:15     | Found a runed translucent gate.
 34523 | D:15     | Identified the +1 robe of Filth {*Slow Int+3 SInv}
 34954 | Spider:1 | Entered Level 1 of the Spider Nest
 34978 | Lair:3   | HP: 4/132 [wolf spider simulacrum (12)]
 34979 | Lair:3   | Demolished by a wolf spider simulacrum

Illustrated notes

Levels and vault maps discovered:
D:1:      doesnt_arrival_eight_statues, layout_basic,
          hellmonk_ecumenical_altar_arch_garden
D:2:      layout_loops_cross, basic_altar, minmay_misc_feat_iff
D:3:      layout_loops_ring
D:4:      layout_basic, ashenzari_conservatory_becter, bloody_makhleb,
          lightli_sewer_entry_pipes
D:5:      layout_rooms, amethyst_overflow_temple_binary,
          uniq_crazy_yiuf_cottage, uniq_duvessa
D:6:      layout_loops_corners, grunt_decor_resistance, uniq_grinder
D:7:      layout_loops_ring, vehumet_statue, minmay_temple_entry_nine_rooms
D:8:      layout_basic, yredelemnul_forgotten_temple_becter, serial_undead,
          serial_undead_f, serial_undead_d, serial_undead_a, serial_undead_a,
          serial_undead_b, enter_bailey_8, minmay_misc_feat_tower, uniq_maggie
D:9:      layout_roguey, uniq_gastronok
D:10:     minmay_inner_zag, layout_basic
D:11:     layout_stronghold, lair_entry_dummy, orc_0_dummy,
          nicolae_stop_n_shop_1, chequers_serial_rivers_large_b,
          fedhas_altar_fruit_tree
D:12:     layout_layer_cave, nicolae_trove_entry_path_of_doom,
          grunt_dithmenos_smoke_and_mirrors, uniq_lodul
D:13:     layout_cave_pools, kennysheep_small_square
D:14:     layout_small_grid, david_vaults_2, elyvilon_altar_4,
          gauntlet_entry_generic, uniq_jorgrun
D:15:     hangedman_depths_entry_try_elsewhere_first, layout_loops_cross,
          gammafunk_ghost_hydra_chop, chequers_serial_rivers_marsh
Temple:   nicolae_temple_x_marks_the_god
Lair:1:   layout_cave_pods, special_room [special_room_bee],
          serial_bayou_pond_e, infiniplex_staircase_pool, grunt_megastairs_3,
          uniq_urug
Lair:2:   nzn_winding_woodlands_small [nzn_winding_woodlands_5x15_garden,
          nzn_winding_woodlands_center_lodge, nzn_winding_woodlands_5x15_twine],
          layout_small_grid, swamp_mist_pool
Lair:3:   layout_roguey, spider_nest_entry_a, beast_lair_carwin_3,
          infiniplex_staircase_pool_2
Lair:4:   layout_hall_layers, serial_rivers, chequers_serial_rivers_micro_a,
          chequers_serial_rivers_room_b, chequers_serial_rivers_micro_c,
          chequers_serial_rivers_room_b, chequers_serial_rivers_micro_b,
          chequers_serial_rivers_small_a, serial_bayou_shore_b, uniq_nergalle
Lair:5:   cheibrodos_lair_river_kwai, layout_loops_ring,
          nicolae_volcano_entry_vermiform
Lair:6:   hangedman_lair_tendril_chambers, layout_cave_pods,
          guppyfry_lair_end_dragon, slime_altar_2, uniq_josephine
Spider:1: cheibrodos_spider_silkery, ebering_ghost_xom, uniq_louise,
          uniq_mlioglotl
Orc:1:    layout_caves, serial_shops, nicolae_shop_advertising_works
          [nicolae_subvault_shop_adworks]
Orc:2:    st_orc_open, layout_diamond_mine, uniq_rupert

Skill      XL: |  1  2  3  4  5  6  7  8  9 10 11 12 13 14 15 16 17 |
---------------+----------------------------------------------------+-----
Earth Magic    | 4 5 6 7 8 |  8.0
Spellcasting   | 3 4 5 6 |  6.0
Conjurations   | 1 2 3 |  3.0
Fighting       | 3 6 7 9 11 12 13 | 13.0
Throwing       | 2 4 6 |  6.0
Evocations     | 2 5 6 |  6.0
Shields        | 4 9 14 15 | 15.0
Invocations    | 5 9 11 13 14 16 | 16.2
Staves         | 4 5 7 9 11 13 | 13.5
Armour         | 3 6 9 10 11 | 11.0
Dodging        | |  1.7
Stealth        | |  2.4
Transmutations | |  1.1

Action                   |  1- 3 |  4- 6 |  7- 9 | 10-12 | 13-15 | 16-18 || total
-------------------------+-------+-------+-------+-------+-------+-------++-------
Melee: Mace              |    42 |    29 |       |       |       |       ||    71
       Punch             |     2 |     1 |       |       |       |       ||     3
       Whip              |       |    54 |   102 |    85 |       |       ||   241
       Lajatang          |       |       |       |   141 |  1002 |   429 ||  1572
Throw: Dart              |       |       |     2 |    13 |    46 |    17 ||    78
 Cast: Sandblast         |    36 |    16 |    68 |    54 |    90 |       ||   264
       Stone Arrow       |       |    10 |    55 |    91 |   315 |    23 ||   494
Invok: Recite            |       |       |       |     6 |    11 |    27 ||    44
       Vitalisation      |       |       |       |       |     8 |     2 ||    10
       Imprison          |       |       |       |       |       |     1 ||     1
 Abil: Dig               |       |       |       |     2 |     1 |       ||     3
Evoke: Wand              |       |       |       |     5 |    13 |     2 ||    20
  Use: Scroll            |       |     3 |     5 |     3 |    18 |     5 ||    34
       Potion            |       |       |       |     1 |       |     3 ||     4
 Stab: Sleeping          |     2 |     2 |       |       |       |       ||     4
       Paralysed         |       |       |       |       |     4 |     7 ||    11
       Confused          |       |       |       |       |     6 |     8 ||    14
Armor: Robe              |     4 |    18 |    17 |    11 |       |       ||    50
       Acid dragon scale |       |       |       |    78 |    24 |       ||   102
       Ring mail         |       |       |       |       |   439 |   182 ||   621
Dodge: Dodged            |    29 |    54 |    62 |   103 |   426 |   156 ||   830
Block: Kite shield       |       |       |     2 |   202 |   988 |   325 ||  1517

Table legend: (Time is in decaauts)
 A = Elapsed time spent in this place.
 B = Non-inter-level travel time spent in this place.
 C = Inter-level travel time spent in this place.
 D = Time resting spent in this place.
 E = Time spent auto-exploring this place.
 F = Levels seen in this place.
 G = Mean time per level.
                   A        B        C        D        E       F      G
               +--------+--------+--------+--------+--------+-----+--------+
         Total |  35341 |  34128 |   1213 |  11667 |  14952 |  29 | 1218.7 |
       Dungeon |  16852 |  16097 |    755 |   4779 |   8329 |  15 | 1123.5 |
        Temple |     81 |     56 |     25 |      0 |     49 |   1 |   81.0 |
          Lair |  10159 |   9880 |    279 |   3574 |   3860 |   6 | 1693.2 |
   Spider Nest |      5 |      5 |      0 |      0 |      0 |   1 |    5.0 |
  Orcish Mines |   2422 |   2269 |    153 |    493 |   1013 |   2 | 1211.0 |
         Sewer |   1679 |   1679 |      0 |    883 |    470 |   1 | 1679.0 |
        Bailey |   1590 |   1590 |      0 |    767 |    370 |   1 | 1590.0 |
       Volcano |   1890 |   1890 |      0 |   1001 |    631 |   1 | 1890.0 |
      Gauntlet |    659 |    659 |      0 |    170 |    229 |   1 |  659.0 |
               +--------+--------+--------+--------+--------+-----+--------+

Top non-repeatable levels by time:
  Lair:6: 3142 daAuts
    D:11: 2265 daAuts
 Volcano: 1890 daAuts
   Orc:2: 1767 daAuts
   Sewer: 1679 daAuts
  Lair:1: 1678 daAuts
  Bailey: 1590 daAuts
  Lair:5: 1546 daAuts
     D:6: 1464 daAuts
  Lair:3: 1427 daAuts
  Lair:2: 1318 daAuts
     D:2: 1277 daAuts
    D:12: 1256 daAuts
    D:15: 1234 daAuts
     D:8: 1185 daAuts
